 Dungeon Sprint DCSS version 0.30-a0-223-gcb0039aa0c (webtiles) character file.

Game seed: 2912799441617878071

9021 rocky1 the Fighter (level 11, -25/78 HPs)
             Began as a Gargoyle Fighter on Oct 10, 2022.
             Was a High Priest of Okawaru.
             Killed from afar by Frances (32 damage)
             ... with a shard of ice
             ... in the Dungeon (Sprint VII: "The Pits").
             The game lasted 00:08:02 (2751 turns).

rocky1 the Fighter (Gargoyle Fighter)               Turns: 2751, Time: 00:08:03

Health: -25/78     AC: 21    Str: 24    XL:     11   Next: 40%
Magic:  11/17      EV: 20    Int: 12    God:    Okawaru [*****.]
Gold:   0          SH: 10    Dex: 11    Spells: 10/10 levels left

rFire   . . .      SeeInvis .    m - +2 morningstar (vorpal)
rCold   . . .      Faith    .    v - +2 buckler
rNeg    + . .      Spirit   .    j - +0 acid dragon scales
rPois   ∞          Reflect  .    (no helmet)
rElec   +          Harm     .    o - +0 cloak
rCorr   +          Rampage  .    f - +0 pair of gloves {hurl}
Will    .....      NoTele   +    r - +0 pair of boots
Stlth   ++........               (no amulet)
HPRegen 0.33/turn                a - +3 ring of evasion
MPRegen 0.15/turn                b - +3 ring of dexterity

@: mighty, heroic, finesse-ful, flying, hasted, very quick
A: sickness immunity, AC +8, negative energy resistance 1, electricity
resistance, torment resistance 1, petrification resistance, big wings, clever 1,
deformed body
a: Renounce Religion, Heroism, Finesse


You were in the Dungeon.
You worshipped Okawaru.
Okawaru was extremely pleased with you.
You visited 1 branch

Inventory:

Hand Weapons
 m - a +2 vorpal morningstar (weapon)
 n - a +2 war axe of freezing
Missiles
 t - 5 curare-tipped darts (quivered)
 u - 3 throwing nets
Armour
 c - a +0 buckler
 f - a +0 pair of gloves of hurling (worn)
 j - +0 acid dragon scales (worn)
 o - a +0 cloak (worn)
 r - a +0 pair of boots (worn)
 s - a +4 scale mail
 v - a +2 buckler (worn)
Jewellery
 a - a +3 ring of evasion (left hand)
 b - a +3 ring of dexterity (right hand)
Scrolls
 l - 5 scrolls of amnesia
Potions
 e - 7 potions of curing
 g - a potion of haste
 h - 4 potions of magic
 i - a potion of berserk rage
 k - 2 potions of invisibility
 p - a potion of mutation
 q - 2 potions of brilliance


   Skills:
 + Level 13.2(18.2) Fighting
 + Level 12.0(17.0) Maces & Flails
 + Level 5.1(10.1) Throwing
 + Level 13.2(18.2) Armour
 + Level 10.1(15.1) Dodging
 + Level 13.2(18.2) Shields
 + Level 8.6 Invocations


You had 10 spell levels left.
You didn't know any spells.
Your spell library was empty.

Dungeon Overview and Level Annotations

Branches:
Dungeon (1/1)

Altars:
Ashenzari
Cheibriados
Dithmenos
Elyvilon
Fedhas
Gozag
Hepliaklqana
Kikubaaqudgha
Makhleb
Nemelex Xobeh
Okawaru
Qazlal
Ru
Sif Muna
Trog
Uskayaw
Vehumet
Wu Jian
Xom
Yredelemnul
Zin
The Shining One
Jiyva
Lugonu

Annotations:
D Frances


Innate Abilities, Weirdness & Mutations

You are immune to sickness and miasma.
Your stone body is resilient. (AC +8)
You are immune to poison.
You resist negative energy. (rN+)
You are resistant to electric shocks. (rElec)
You are resistant to unholy torment.
You are immune to petrification.
Your large and strong wings let you fly.
Your mind is acute. (Int +4, Str/Dex -1)
Armour fits poorly on your strangely shaped body.


Message History

Frances hits you from afar with a +0 trident.
* * * LOW HITPOINT WARNING * * *
You puncture the wolf!
The wolf is severely wounded.
You are covered in liquid flames!
* * * LOW HITPOINT WARNING * * *
Unknown command.
You can now deal lightning-fast blows.
You are covered in liquid flames!
* * * LOW HITPOINT WARNING * * *
You are no longer on fire.
Frances completely misses you. You block the red devil's attack.
The neqoxec hits you but does no damage.
The wolf misses you. x2
You feel better.
Frances hits you from afar with a +0 trident.
* * * LOW HITPOINT WARNING * * *
You block the wolf's attack.
The red devil hits you but does no damage.
The wolf completely misses you. The neqoxec barely misses you.
Unknown command.
You impale the wolf!!
You kill the wolf!
Okawaru accepts your kill. Frances hits you but does no damage.
The wolf barely misses you.
Your base Maces & Flails skill increases to level 12!
You barely miss the wolf.
The wolf is severely wounded.
You block the red devil's attack.
Frances hits you from afar with a +0 trident!
* * * LOW HITPOINT WARNING * * *
Unknown command.
You feel better. You block the wolf's attack. The neqoxec gestures at you.
Strange energies course through your body.
Your body twists and deforms.
The wolf closely misses you.
Frances chants phrases taken from a devil's mouth.
The shard of ice hits you!!
You die...

#### ##### ########
########### #...###..+...#
.........+
#[..##..##...### .........
##+##..###...'.## .......
........##)..#..## .....#
##+###...##'##...###...###
.....##..#...#..3#4......#
.)....+..+...+..@)@......#
.....##..#...#..h#.......#
##+###...##)##...###...###
........##...#..## .h...#
##+##..###...+.## .......
#...##..##)..### h........
#...###..)...# .........+
##### ######## ###########


You could see Frances (fast), a neqoxec (summoned), a red devil (summoned) and a
wolf.

Vanquished Creatures
  A ghost moth (D)
  Harold (D)
  Sonja (D)
  3 shadow wraiths (D)
  A flayed ghost (D)
  A deep elf zephyrmancer (D)
  A black mamba (D)
  A rust devil (D)
  A komodo dragon (D)
  A kobold demonologist (D)
  An efreet (D)
  A hellwing (D)
  A guardian mummy (D)
  A polar bear (D)
  A snapping turtle (D)
  A water elemental (D)
  A ynoxinul (D)
  A spriggan (D)
  A fire bat (D)
  A chaos spawn (D)
  A redback (D)
  A steam dragon (D)
  2 vampire mosquitoes (D)
  A warg (D)
  An acid dragon (D)
  A water moccasin (D)
  A floating eye (D)
  Pargi (D)
  An ice beast (D)
  2 black bears (D)
  2 wolves (D)
  2 centaurs (D)
  A jelly (D)
  Crazy Yiuf (D)
  An iguana (D)
  A mummy (D)
  A river rat (D)
  An adder (D)
  An ufetubus (D)
  2 adder skeletons (D)
  An endoplasm (D)
  A giant cockroach (D)
  A goblin (D)
  A hobgoblin (D)
  2 jackals (D)
  2 bats (D)
  A frilled lizard (D)
  A jackal zombie (D)
  3 kobolds (D)
60 creatures vanquished.

Vanquished Creatures (others)
  An adder (D)
1 creature vanquished.

Grand Total: 61 creatures vanquished

Notes
Turn   | Place    | Note
-------+----------+-------------------------------------------
     0 | D        | rocky1 the Gargoyle Fighter began the quest for the Orb.
     0 | D        | Reached XP level 1. HP: 14/14 MP: 1/1
    29 | D        | Found a bloodstained altar of Trog.
    29 | D        | Found a shimmering blue altar of Sif Muna.
    29 | D        | Found a viscous altar of Jiyva.
    29 | D        | Found a hazy altar of Hepliaklqana.
    29 | D        | Found an opulent altar of Gozag.
    30 | D        | Found a glowing golden altar of the Shining One.
    30 | D        | Found a glowing silver altar of Zin.
    30 | D        | Found a basalt altar of Yredelemnul.
    30 | D        | Found a shimmering altar of Xom.
    30 | D        | Found an ornate altar of the Wu Jian Council.
    30 | D        | Found a sacrificial altar of Ru.
    30 | D        | Found a stormy altar of Qazlal.
    30 | D        | Found an iron altar of Okawaru.
    30 | D        | Found a sparkling altar of Nemelex Xobeh.
    30 | D        | Found a burning altar of Makhleb.
    30 | D        | Found a blossoming altar of Fedhas.
    30 | D        | Found a white marble altar of Elyvilon.
    30 | D        | Found a shadowy altar of Dithmenos.
    30 | D        | Found a snail-covered altar of Cheibriados.
    33 | D        | Found a corrupted altar of Lugonu.
    33 | D        | Found a radiant altar of Vehumet.
    34 | D        | Found an ancient bone altar of Kikubaaqudgha.
    34 | D        | Found a hide-covered altar of Uskayaw.
    34 | D        | Found a broken altar of Ashenzari.
    38 | D        | Became a worshipper of Warmaster Okawaru
    83 | D        | Reached skill level 1 in Dodging
    98 | D        | Noticed a floating eye
   103 | D        | Paralysed by a floating eye for 3 turns
   109 | D        | Reached XP level 2. HP: 18/20 MP: 2/2
   111 | D        | Killed a floating eye
   111 | D        | Reached * piety under Okawaru
   112 | D        | Reached skill level 5 in Fighting
   112 | D        | Reached skill level 5 in Armour
   112 | D        | Reached skill level 5 in Shields
   112 | D        | Reached XP level 3. HP: 25/26 MP: 3/3
   112 | D        | Reached XP level 4. HP: 30/31 MP: 4/4
   114 | D        | Reached XP level 5. HP: 36/36 MP: 5/5
   280 | D        | Noticed Pargi
   280 | D        | Noticed a warg
   293 | D        | Killed a warg
   294 | D        | Reached skill level 5 in Maces & Flails
   294 | D        | Reached XP level 6. HP: 42/42 MP: 6/6
   312 | D        | Killed Pargi
   448 | D        | Noticed Crazy Yiuf
   448 | D        | Noticed an ice beast
   457 | D        | Killed Crazy Yiuf
   457 | D        | Reached ** piety under Okawaru
   468 | D        | Killed an ice beast
   469 | D        | Reached skill level 5 in Dodging
   469 | D        | Reached XP level 7. HP: 28/48 MP: 7/7
   871 | D        | Noticed a ynoxinul
   882 | D        | Killed a ynoxinul
   999 | D        | Noticed a deep elf zephyrmancer
  1014 | D        | Killed a shadow wraith
  1014 | D        | Reached *** piety under Okawaru
  1015 | D        | Reached XP level 8. HP: 33/56 MP: 8/8
  1028 | D        | Killed a deep elf zephyrmancer
  1029 | D        | Reached skill level 10 in Fighting
  1029 | D        | Reached skill level 10 in Armour
  1029 | D        | Reached skill level 10 in Shields
  1278 | D        | Noticed a rust devil
  1300 | D        | Killed a shadow wraith
  1300 | D        | Reached **** piety under Okawaru
  1301 | D        | Reached XP level 9. HP: 57/63 MP: 8/11
  1313 | D        | Killed a rust devil
  1416 | D        | Noticed a polar bear
  1424 | D        | Killed a polar bear
  1425 | D        | Reached skill level 10 in Maces & Flails
  1453 | D        | Noticed a kobold demonologist
  1471 | D        | Noticed a smoke demon
  1474 | D        | Noticed an ice devil
  1480 | D        | Killed a kobold demonologist
  1480 | D        | Reached ***** piety under Okawaru
  1481 | D        | Reached skill level 5 in Invocations
  1783 | D        | Noticed Sonja
  1792 | D        | Killed Sonja
  1793 | D        | Reached XP level 10. HP: 62/71 MP: 12/14
  1837 | D        | Reached skill level 1 in Throwing
  1851 | D        | Noticed a black mamba
  1862 | D        | Killed a black mamba
  1963 | D        | Killed a ghost moth
  1963 | D        | Received a gift from Okawaru
  2239 | D        | Noticed a flayed ghost
  2243 | D        | Killed a flayed ghost
  2258 | D        | Reached XP level 11. HP: 69/76 MP: 16/16
  2419 | D        | Noticed a boulder beetle
  2446 | D        | Killed a shadow wraith
  2641 | D        | Noticed Frances
  2642 | D        | Noticed Harold
  2678 | D        | Killed Harold
  2685 | D        | Reached skill level 10 in Dodging
  2692 | D        | Reached skill level 5 in Throwing
  2733 | D        | Gained mutation: Your mind is acute. (Int +4, Str/Dex -1)
                  | [a neqoxec]
  2745 | D        | Gained mutation: Your large and strong wings let you fly.
                  | [a neqoxec]
  2750 | D        | HP: 1/78 [Frances/+0 trident (16)]
  2751 | D        | Gained mutation: Armour fits poorly on your strangely
                  | shaped body. [a neqoxec]
  2751 | D        | Killed from afar by Frances

Illustrated notes

Levels and vault maps discovered:
D:        pitsprint [storerooms_1, entrance_room_1, metal_vault_5, armoury_1,
          mini_pit_1, grid_room_1, main_hall_1, silver_pit, the_coven_3,
          the_vestibule_1, steel_vault_2, golden_pit, hallway_of_sentries,
          crystal_vault_4, iron_vault_2, final_vault]

Skill      XL: |  1  2  3  4  5  6  7  8  9 10 11 |
---------------+----------------------------------+-----
Dodging        | 1 3 4 5 6 7 8 9 10 | 10.1
Fighting       | 5 6 7 9 10 11 12 13 | 13.2
Maces & Flails | 4 5 6 8 9 10 11 12 | 12.0
Armour         | 5 6 7 9 10 11 12 13 | 13.2
Shields        | 5 6 7 9 10 11 12 13 | 13.2
Invocations    | 2 5 7 8 |  8.6
Throwing       | 3 5 |  5.1

Action                   |  1- 3 |  4- 6 |  7- 9 | 10-12 || total
-------------------------+-------+-------+-------+-------++-------
Melee: Flail             |    33 |     2 |       |       ||    35
       Mace              |       |    44 |    75 |       ||   119
       Morningstar       |       |       |    57 |   151 ||   208
Invok: Heroism           |       |       |       |     2 ||     2
       Finesse           |       |       |       |     2 ||     2
  Use: Potion            |       |       |     5 |     8 ||    13
       Scroll            |       |       |     1 |       ||     1
Armor: Scale mail        |    17 |    45 |    91 |       ||   153
       Acid dragon scale |       |       |     5 |    77 ||    82
Dodge: Dodged            |    20 |    27 |    90 |   112 ||   249
Block: Buckler           |     6 |    15 |    35 |    66 ||   122

Table legend: (Time is in decaauts)
 A = Elapsed time spent in this place.
 B = Non-inter-level travel time spent in this place.
 C = Inter-level travel time spent in this place.
 D = Time resting spent in this place.
 E = Time spent auto-exploring this place.
 F = Levels seen in this place.
 G = Mean time per level.
                   A        B        C        D        E       F      G
               +--------+--------+--------+--------+--------+-----+--------+
         Total |   2819 |   2756 |     63 |   1822 |      0 |   1 | 2819.0 |
       Dungeon |   2819 |   2756 |     63 |   1822 |      0 |   1 | 2819.0 |
               +--------+--------+--------+--------+--------+-----+--------+

Top non-repeatable levels by time:
       D: 2819 daAuts
